 Dungeon Crawl Stone Soup version 0.24.0-13-gcf9b319 (webtiles) character file.

Game seed: 5310516496476800708, levelgen mode: deterministic

51 Calico the Skirmisher (level 3, -2/33 HPs)
             Began as a Draconian Chaos Knight on Feb 4, 2020.
             Was a Plaything of Xom.
             Slain by a goblin (6 damage)
             ... led by Robin
             ... on level 3 of the Dungeon.
             The game lasted 00:15:58 (789 turns).

Calico the Skirmisher (Draconian Chaos Knight)       Turns: 789, Time: 00:15:59

Health: -2/33      AC:  5    Str: 15    XL:     3   Next: 58%
Magic:  3/3        EV: 12    Int: 12    God:    Xom [......]
Gold:   72         SH:  0    Dex: 10    Spells: 2/2 levels left

rFire    . . .     SeeInvis .   a - +0 spear (chaos)
rCold    . . .     Gourm    .   (no shield)
rNeg     . . .     Faith    .   (armour unavailable)
rPois    .         Spirit   .   (helmet restricted)
rElec    .         Reflect  .   (no cloak)
rCorr    .         Harm     .   (no gloves)
MR       .....     Rnd*Tele +   (no boots)
Stlth    +.........             (no amulet)
HPRegen  0.11/turn              d - ring of teleportation (curse)
MPRegen  0.08/turn              (no ring)

@: no status effects
A: unfitting armour, cold-blooded, AC +5
a: Renounce Religion


You were on level 3 of the Dungeon.
You worshipped Xom.
You were a very special plaything of Xom.
You were not hungry.

You visited 1 branch of the dungeon, and saw 3 of its levels.

You collected 72 gold pieces.

Inventory:

Hand Weapons
 a - a +0 spear of chaos (weapon)
Jewellery
 d - a cursed ring of teleportation (left hand)
Scrolls
 c - 2 scrolls of blinking {unknown}
 e - a scroll of identify {unknown}
Comestibles
 b - 2 rations
 f - 7 chunks of flesh


   Skills:
 + Level 4.0 Fighting
 + Level 3.8 Polearms
 + Level 2.5 Dodging


You had 2 spell levels left.
You didn't know any spells.
Your spell library was empty.

Dungeon Overview and Level Annotations

Branches:
Dungeon (2/15)

Altars:

Annotations:
D:3 Robin, Sigmund


Innate Abilities, Weirdness & Mutations

Your plain brown scales are hard. (AC +5)
You cannot fit into any form of body armour.
You are cold-blooded and may be slowed by cold attacks.


Message History

You closely miss the goblin. The goblin hits you but does no damage.
The goblin barely misses you.
You hit the goblin. You freeze the goblin.
You kill the goblin!
The goblin hits you.
* * * LOW HITPOINT WARNING * * *
Robin's horned helmet rattles.
Robin roars a battlecry!
The goblin goes into a battle-frenzy!
The goblin barely misses you. Robin throws the goblin at you!
The goblin closely misses you.
Things that are here:
a +0 dagger; a +0 hunting sling; 18 stones You barely miss the goblin.
Your tail-slap misses the goblin.
The goblin barely misses you. The goblin hits you.
* * * LOW HITPOINT WARNING * * *
The goblin closely misses you.
You hit the goblin but do no damage. The goblin hits you but does no damage.
The goblin hits you.
You die...

... #.# #.# #.# #.# .#
#.# #[# #g# #.# #@##
##.## #gg####...####
#####g%.........#
......g.g.....##.## #
######.###.#.##...##..
##..###.#...[..@...
#...).).####...##..
##..##### ##)##
#..#########.#


You could see Robin, a hobgoblin and 4 goblins.

Vanquished Creatures
  An adder (D:2)
  2 oozes
  A dart slug (D:1)
  A leopard gecko (D:2)
  An orc (D:3)
  2 giant cockroaches (D:1)
  9 goblins
  3 hobgoblins
  4 kobolds
  A ball python (D:1)
  A bat (D:1)
  2 frilled lizards
  3 rats
31 creatures vanquished.

Notes
Turn   | Place    | Note
-------+----------+-------------------------------------------
     0 | D:1      | Calico the Draconian Chaos Knight began the quest for the
                  | Orb.
     0 | D:1      | Reached XP level 1. HP: 19/19 MP: 1/1
   273 | D:1      | Reached XP level 2. HP: 25/26 MP: 2/2
   429 | D:1      | XOM: harmless Chrm miscast
   446 | D:1      | XOM: harmless Ice miscast
   655 | D:2      | Reached XP level 3. HP: 33/33 MP: 3/3
   739 | D:2      | You fall into a shaft and drop 1 floor!
   747 | D:3      | Reached skill level 4 in Fighting
   760 | D:3      | Noticed Sigmund
   762 | D:3      | XOM: swap monsters
   762 | D:3      | Noticed Robin
   789 | D:3      | Slain by a goblin

Levels and vault maps discovered:
D:1:      co_arrival_square_in_a_square_in_a_square, layout_loops_ring
D:2:      layout_basic, st_stairs_14
D:3:      minmay_angry_zag, layout_loops_ring, lemuel_coloured_pillars_altar,
          lemuel_blue_sif_altar, first_ration, bh_chokoban, bh_walls_and_bars,
          uniq_ijyb, uniq_robin, uniq_sigmund

Skill      XL: |  1  2  3 |
---------------+----------+-----
Fighting       | 4 |  4.0
Polearms       | |  3.8
Dodging        | |  2.5

Action                   || total
-------------------------++-------
Melee: Spear             ||    90
       Tailslap          ||     6
 Stab: Sleeping          ||     1
Armor: Skin              ||    15
Dodge: Dodged            ||    43
